 Dungeon Crawl Stone Soup version 0.31-a0-981-geadf994542 (webtiles) character file.

Game seed: 4457859933531087356

135 Whiskey the Changeling (level 5, -6/35 HPs)
             Began as an Octopode Shapeshifter on Nov 2, 2023.
             Splashed by a jelly's acid (11 damage)
             ... on level 2 of the Dungeon.
             The game lasted 00:03:45 (1611 turns).

Whiskey the Changeling (Octopode Shapeshifter)      Turns: 1611, Time: 00:03:46

Health: -6/35      AC: -11   Str: 13    XL:     5   Next: 18%
Magic:  5/5        EV: 13    Int: 15    God:
Gold:   83         SH:  0    Dex: 11    Spells: 4/4 levels left

rFire   . . .        n - +1 dagger (protect)
rCold   . . .        (no shield)
rNeg    . . .        (helmet currently unavailable)
rPois   .            (no amulet)
rElec   .            (no ring)
rCorr   .            (no ring)
SInv    .            (no ring)
Will    .....        (no ring)
Stlth   ++           (no ring)
HPRegen 0.25/turn    (no ring)
MPRegen 0.09/turn    (no ring)
                     (no ring)

%: no passive effects
@: beast-form, corroded
A: beast (slay +2), almost no armour, amphibious, 8 rings, camouflage 1,
gelatinous body 1, (nimble swimmer 1), tentacles
a: Begin Untransformation


You were on level 2 of the Dungeon.
You were a hulking beast.
You visited 1 branch of the dungeon, and saw 2 of its levels.

You collected 83 gold pieces.

Inventory:

Hand Weapons
 d - a +3 dagger
   (You took it off a goblin on level 1 of the Dungeon)
 n - a +1 dagger of protection (weapon)
   (You took it off a goblin on level 1 of the Dungeon)
Talismans
 b - a beast talisman
 c - a flux talisman
 h - a serpent talisman
   (You found it on level 1 of the Dungeon)
Scrolls
 f - a scroll of enchant weapon {unknown}
 g - a scroll of torment {unknown}
 k - 3 scrolls of teleportation {unknown}
 l - a scroll of enchant armour {unknown}
 m - a scroll of brand weapon {unknown}
 o - a scroll of identify {unknown}
 q - a scroll of fog {unknown}
 s - a scroll of revelation {unknown}
Potions
 a - a potion of lignification {!q}
 e - 2 potions of haste {unknown}
 i - a potion of berserk rage {unknown}
 j - 2 potions of heal wounds {unknown}
 p - a potion of invisibility {unknown}
 r - a potion of ambrosia {unknown}


   Skills:
 + Level 2.5 Fighting
 - Level 2.0 Dodging
 - Level 3.2 Unarmed Combat
 * Level 4.6 Shapeshifting


You had 4 spell levels left.
You didn't know any spells.
Your spell library was empty.

Dungeon Overview and Level Annotations

Branches:
Dungeon (2/15)

Altars:
Ashenzari
Cheibriados
Fedhas
Qazlal
Wu Jian

Shops:
D:1 [


Innate Abilities, Weirdness & Mutations

You are a hulking beast.
Your limbs bulge with bestial killing power. (Slay +2)
You cannot wear most types of armour.
You are amphibious.
You can wear up to eight rings at the same time.
Your skin changes colour to match your surroundings (Stealth+).
Your rubbery body absorbs attacks. (AC +1, EV +1)
((You are camouflaged when in or above water. (Stealth+)))
You have tentacles for arms and can constrict up to eight enemies at once.


Message History

You kill the endoplasm!
There is an open door here.
You close the door.
You start resting.
Health restored: 35 You open the door.
There is an open door here.
No target in view!
The endoplasm quivers.
You hit the endoplasm.
Your weapon exudes an aura of protection.
You squeeze the endoplasm.
You kill the endoplasm!
The endoplasm quivers.
You hit the endoplasm. You squeeze the endoplasm.
You kill the endoplasm!
No target in view!
No target in view!
No target in view!
No target in view!
No target in view!
No target in view!
No target in view!
No target in view!
No target in view!
Things that are here:
a +0 short sword; 3 stones; a kobold corpse The endoplasm quivers.
There is an open door here.
Things that are here:
a +0 short sword; 3 stones; a kobold corpse
There is an open door here.
Things that are here:
a +0 short sword; 3 stones; a kobold corpse You start waiting.
An endoplasm is nearby!
The endoplasm freezes you.
You are frozen.
Things that are here:
a +0 short sword; 3 stones; a kobold corpse You take 1 damage, and have 34/35 hp.
You hit the endoplasm.
Your weapon exudes an aura of protection.
The endoplasm freezes you.
You are frozen.
You take 4 damage, and have 30/35 hp.
You completely miss the endoplasm. The endoplasm barely misses you.
You hit the endoplasm.
You kill the endoplasm!
No target in view!
No target in view!
You start resting.
A jelly is nearby!
You start resting.
Health restored: 35
Things that are here:
a +0 short sword; 3 stones; a kobold corpse No target in view!
The jelly quivers.
There is an open door here.
There is a broken altar of Ashenzari here.
The jelly quivers.
There is an open door here.
Things that are here:
a +0 short sword; 3 stones; a kobold corpse You hit the jelly.
Your weapon exudes an aura of protection.
Your tentacles burn!
You squeeze the jelly! The jelly closely misses you.
You take 5 damage, and have 30/35 hp.
You hit the jelly.
Your tentacles burn!
Your squeeze misses the jelly. The jelly barely misses you.
You take 3 damage, and have 27/35 hp.
You barely miss the jelly. The jelly hits you but does no damage.
You hit the jelly. The acid corrodes you!
Your tentacles burn!
The jelly hits you. The acid corrodes you!
You are splashed with acid!
You take 14 damage, and have 14/35 hp.
MASSIVE DAMAGE!!
You are too injured to fight recklessly!
You barely miss the jelly.
You squeeze the jelly, but do no damage.
The jelly barely misses you.
You hit the jelly but do no damage.
Your tentacles burn!
The jelly closely misses you.
You take 1 damage, and have 13/35 hp.
You hit the jelly but do no damage. The acid corrodes you!
Your tentacles burn!
The jelly closely misses you. The jelly attacks as it pursues you!
The jelly hits you.
* * * LOW HITPOINT WARNING * * *
You are splashed with acid.
* * * LOW HITPOINT WARNING * * *
You take 9 damage, and have 4/35 hp.
MASSIVE DAMAGE!!
The jelly barely misses you. The jelly attacks as it pursues you!
The jelly closely misses you.
There is an open door here.
You close the door.
You hear a slurping noise.
The jelly eats the door!
The jelly hits you.
* * * LOW HITPOINT WARNING * * *
The acid corrodes you!
You are splashed with acid!
You die...

....###############.###.#...##...
.............................>###
......##########.....######.#.#
.##.).#### ##')'## #...#
....)....# ##.))## ###...
.....†...# ##.....## ..#..
.....(...# #.......# #.##.
.........# #.......# ... .
.........# #.h.....# #..
.........# #..J....# #........#
#...J#### #........# #.......##
########## ########.# ##)...J.##
##'######## #..._...J.#
#..._.....#


You could see 2 jellies.

Vanquished Creatures
  A jelly (D:2)
  Robin (D:2)
  A gnoll (D:1)
  An adder (D:2)
  2 worms (D:2)
  A dart slug (D:1)
  4 ball pythons
  9 endoplasms
  16 goblins
  3 hobgoblins
  4 jackals (D:1)
  12 kobolds
  A quokka (D:1)
  5 bats
  2 frilled lizards (D:1)
63 creatures vanquished.

Notes
Turn   | Place    | Note
-------+----------+-------------------------------------------
     0 | D:1      | Whiskey the Octopode Shapeshifter began the quest for the
                  | Orb.
     0 | D:1      | Reached XP level 1. HP: 13/13 MP: 1/1
    42 | D:1      | Reached XP level 2. HP: 15/18 MP: 2/2
   107 | D:1      | Found Liet's Armour Shoppe.
   757 | D:1      | Reached XP level 3. HP: 23/23 MP: 3/3
  1109 | D:2      | Noticed Robin
  1113 | D:2      | Reached skill level 4 in Shapeshifting
  1119 | D:2      | Killed Robin
  1120 | D:2      | Reached skill level 2 in Fighting
  1120 | D:2      | Reached XP level 4. HP: 22/29 MP: 4/4
  1434 | D:2      | Found a broken altar of Ashenzari.
  1434 | D:2      | Found an ornate altar of the Wu Jian Council.
  1434 | D:2      | Found a blossoming altar of Fedhas.
  1434 | D:2      | Found an ornate altar of the Wu Jian Council.
  1434 | D:2      | Found a stormy altar of Qazlal.
  1434 | D:2      | Found a snail-covered altar of Cheibriados.
  1447 | D:2      | Reached XP level 5. HP: 17/35 MP: 5/5
  1602 | D:2      | HP: 4/35 [acid (6)]
  1611 | D:2      | HP: 5/35 [jelly (1)]
  1611 | D:2      | Splashed by a jelly's acid

Illustrated notes

Levels and vault maps discovered:
D:1:      dpeg_arrival_rhombi, layout_loops_corners, serial_shops,
          nicolae_shop_rolling_square, chequers_hall_statues_y,
          roderic_lattice_a
D:2:      cheibrodos_fertilizer, layout_basic, uniq_robin

Skill      XL: |  1  2  3 |
---------------+----------+-----
Shapeshifting  | 4 |  4.6
Fighting       | 2 |  2.5
Dodging        | |  2.0
Unarmed Combat | |  3.2

Action                     |  1- 3 |  4- 6 || total
---------------------------+-------+-------++-------
  Melee: Unarmed           |     8 |       ||     8
         Constrict         |    21 |     8 ||    29
         Tentacles         |    16 |    11 ||    27
         Punch             |     2 |     1 ||     3
         Dagger            |    63 |    53 ||   116
   Stab: Sleeping          |     8 |     2 ||    10
 Armour: Skin              |    33 |    17 ||    50
  Dodge: Dodged            |    44 |    24 ||    68

Table legend: (Time is in decaauts)
 A = Elapsed time spent in this place.
 B = Non-inter-level travel time spent in this place.
 C = Inter-level travel time spent in this place.
 D = Time resting spent in this place.
 E = Time spent auto-exploring this place.
 F = Levels seen in this place.
 G = Mean time per level.
                   A        B        C        D        E       F      G
               +--------+--------+--------+--------+--------+-----+--------+
         Total |   1609 |   1608 |      1 |     92 |   1170 |   2 |  804.5 |
       Dungeon |   1609 |   1608 |      1 |     92 |   1170 |   2 |  804.5 |
               +--------+--------+--------+--------+--------+-----+--------+

Top non-repeatable levels by time:
     D:1: 1081 daAuts
     D:2: 527 daAuts

Levels and vault maps discovered:
D:1:      dpeg_arrival_rhombi, layout_loops_corners, serial_shops,
          nicolae_shop_rolling_square, chequers_hall_statues_y,
          roderic_lattice_a
D:2:      cheibrodos_fertilizer, layout_basic, uniq_robin

Table legend: (Time is in decaauts)
 A = Elapsed time spent in this place.
 B = Non-inter-level travel time spent in this place.
 C = Inter-level travel time spent in this place.
 D = Time resting spent in this place.
 E = Time spent auto-exploring this place.
 F = Levels seen in this place.
 G = Mean time per level.
                   A        B        C        D        E       F      G
               +--------+--------+--------+--------+--------+-----+--------+
         Total |   1609 |   1608 |      1 |     92 |   1170 |   2 |  804.5 |
       Dungeon |   1609 |   1608 |      1 |     92 |   1170 |   2 |  804.5 |
               +--------+--------+--------+--------+--------+-----+--------+

Top non-repeatable levels by time:
     D:1: 1081 daAuts
     D:2: 527 daAuts

Table legend:
 A = Kills in this place as a percentage of kills in the entire game.
 B = Kills by you in this place as a percentage of kills by you in the entire game.
 C = Kills by friends in this place as a percentage of kills by friends in the entire game.
 D = Other kills in this place as a percentage of other kills in the entire game.
 E = Experience gained in this place as a percentage of experience gained in the entire game.
 F = Experience gained in this place divided by the number of levels of this place that you have seen.
                   A       B       C       D       E      F
               +-------+-------+-------+-------+-------+----------------------
         Total | 100.0 | 100.0 |   N/A |   N/A | 100.0 |  97.0
       Dungeon | 100.0 | 100.0 |   N/A |   N/A | 100.0 |  97.0
               +-------+-------+-------+-------+-------+----------------------
